 Dungeon Crawl Stone Soup version 0.21-a0-578-gc6e9d75 (webtiles) character file.

506 Megalobster the Covert (level 6, -2/28 HPs)
             Began as a Spriggan Enchanter on Dec 18, 2017.
             Slain by a centaur (9 damage)
             ... on level 5 of the Dungeon.
             The game lasted 00:13:46 (4221 turns).

Megalobster the Covert (Spriggan Enchanter)         Turns: 4221, Time: 00:13:47

Health: -2/28      AC:  2    Str:  6    XL:     6   Next: 97%
Magic:  11/13      EV: 20    Int: 17    God:
Gold:   257        SH:  6    Dex: 16    Spells: 1/13 levels left

rFire    . . .     SeeInvis +   a - +2 dagger (venom)
rCold    . . .     Gourm    .   j - +0 buckler
rNeg     . . .     Faith    .   b - +0 robe
rPois    .         Spirit   .   (helmet restricted)
rElec    .         Reflect  .   (no cloak)
rCorr    .         Harm     .   (gloves unavailable)
MR       +....                  (boots unavailable)
Stlth    ++++......             (no amulet)
HPRegen  0.09/turn              i - +2 ring of slaying
MPRegen  0.13/turn              (no ring)

@: very quick
A: very small, unfitting armour, see invisible, herbivore, speed 3, slow
metabolism 2
a: no special abilities


You were on level 5 of the Dungeon.
You were not hungry.

You visited 1 branch of the dungeon, and saw 5 of its levels.

You collected 257 gold pieces.

Inventory:

Hand Weapons
 a - a +2 dagger of venom (weapon)
 s - a +1 dagger
Armour
 b - a +0 robe (worn)
 j - a +0 buckler (worn)
Jewellery
 i - a +2 ring of slaying (left hand)
Wands
 n - a wand of polymorph (20)
Scrolls
 e - a scroll of fear {unknown}
 f - 2 scrolls of remove curse
 g - a scroll of identify
 l - a scroll of magic mapping {unknown}
 m - a scroll of amnesia {unknown}
 r - a scroll of teleportation {unknown}
Potions
 h - 2 potions of resistance
 k - 2 potions of curing
 o - a potion of agility
 p - a potion of mutation {unknown}
 q - a potion of magic {unknown}
Books
 c - a book of Maledictions

   Spells                             Type                      Level
   a - Corona                         Hexes                        1
   b - Ensorcelled Hibernation        Hexes/Ice                    2
   c - Confuse                        Hexes                        3
   d - Tukima's Dance                 Hexes                        3
   e - Dazzling Spray                 Conjuration/Hexes            3
Comestibles
 d - 7 rations


   Skills:
 - Level 1.1 Short Blades
 + Level 5.2 Dodging
 * Level 8.1 Stealth
 + Level 1.6 Shields
 + Level 4.4 Spellcasting
 + Level 5.2 Hexes


You had one spell level left.
You knew the following spells:

 Your Spells              Type           Power        Failure   Level  Hunger
a - Corona                Hex            ###....      2%          1    None
b - Ensorcelled Hibernat  Hex/Ice        ##....       12%         2    ##.....
c - Confuse               Hex            ###.....     8%          3    ###....
d - Tukima's Dance        Hex            ###.....     8%          3    ###....
e - Dazzling Spray        Conj/Hex       ##....       22%         3    ###....


Dungeon Overview and Level Annotations

Branches:
Dungeon (5/15)
 Temple: D:4-7

Altars:
Xom

Shops:
D:4 =


Innate Abilities, Weirdness & Mutations

You are very small and have problems with some larger weapons.
You are too small for most types of armour.
You have supernaturally acute eyesight. (SInv)
You are a herbivore.
You cover ground extremely quickly.
You need consume almost no food.


Message History

The centaur is moderately wounded.
The centaur misses you.
You hit the centaur but do no damage.
The centaur is moderately wounded.
The centaur completely misses you.
You hit the centaur.
The centaur is moderately wounded.
You block the centaur's attack. The centaur hits you.
* * * LOW HITPOINT WARNING * * *
Unknown command.
Casting: Tukima's Dance
Confirm with . or Enter, or press ? or * to list all spells.
Aiming: Ensorcelled Hibernation
Press: ? - help, Shift-Dir - straight line, f - centaur
Aim: a centaur (heavily wounded, poisoned, chance to defeat MR: 43%)
The centaur resists with some effort.
The centaur barely misses you.
You hit the centaur.
The centaur looks as sick as possible!
The centaur is heavily wounded.
The centaur hits you!
You die...

.... .... ....
#######+###....
... .............#
##+####.
.............#
#.....#.
.............#
#.....#.
.............#
#.....†.
......c......##
###...#.
#@......#.#####'#.
+(......+.......#.
#.......#.......#.
#(......#+###...#.
#.(.....# ##...#.
+..=....+ #....+.
#..(....# #....#.
#.......#####...#.
##+##.....###...##


You could see a centaur.

Vanquished Creatures
  A centaur (D:5)
  2 scorpions
  A crimson imp (D:5)
  An orc priest (D:4)
  A hound (D:4)
  2 worker ants
  6 adders
  An ooze (D:2)
  3 worms
  5 dart slugs
  4 leopard geckos
  9 orcs
  8 bats
  3 giant cockroaches
  7 goblins
  4 hobgoblins
  9 jackals
  7 kobolds
  A quokka (D:2)
  2 ball pythons
  3 frilled lizards
  6 rats
86 creatures vanquished.

Vanquished Creatures (collateral kills)
  An orc wizard (D:4)
  2 orcs (D:4)
3 creatures vanquished.

Vanquished Creatures (others)
  A dancing weapon (D:4)
1 creature vanquished.

Grand Total: 90 creatures vanquished

Notes
Turn   | Place    | Note
-------+----------+-------------------------------------------
     0 | D:1      | Megalobster the Spriggan Enchanter began the quest for the Orb.
     0 | D:1      | Reached XP level 1. HP: 9/9 MP: 5/5
   250 | D:1      | Reached XP level 2. HP: 11/13 MP: 6/6
   254 | D:1      | Learned a level 2 spell: Ensorcelled Hibernation
   474 | D:1      | Reached skill level 5 in Stealth
  1032 | D:1      | Reached XP level 3. HP: 16/16 MP: 8/8
  1405 | D:1      | Learned a level 3 spell: Confuse
  1982 | D:2      | Reached XP level 4. HP: 20/21 MP: 10/10
  2054 | D:2      | Reached skill level 6 in Stealth
  2770 | D:3      | Learned a level 3 spell: Tukima's Dance
  2804 | D:3      | Found a shimmering altar of Xom.
  2885 | D:3      | Reached XP level 5. HP: 24/24 MP: 7/11
  3096 | D:4      | Found Kanemoj's Jewellery Emporium.
  3158 | D:4      | Reached skill level 1 in Shields
  3177 | D:4      | Reached skill level 7 in Stealth
  3328 | D:4      | Reached XP level 6. HP: 28/28 MP: 10/13
  3548 | D:4      | Learned a level 3 spell: Dazzling Spray
  3905 | D:5      | Entered Level 5 of the Dungeon
  4082 | D:5      | Reached skill level 5 in Dodging
  4082 | D:5      | Reached skill level 5 in Hexes
  4124 | D:5      | Reached skill level 8 in Stealth
  4221 | D:5      | Slain by a centaur

Vault maps used:
D:1:      minmay_arrival_wavy_path, serial_bayou_crossing
D:3:      xom_teletrap_fun
D:4:      serial_shops, shop, first_ration
D:5:      serial_shops, kennysheep_little_box

Skill      XL: |  1  2  3  4  5  6 |
---------------+-------------------+-----
Stealth        | 5 6 7 8 |  8.1
Spellcasting   | 3 4 |  4.4
Hexes          | 4 5 |  5.2
Dodging        | 4 5 |  5.2
Shields        | 1 |  1.6
Short Blades   | |  1.1

Action                   |  1- 3 |  4- 6 || total
-------------------------+-------+-------++-------
Melee: Dagger            |   121 |   146 ||   267
 Cast: Ensorcelled Hiber |    14 |    25 ||    39
       Confuse           |       |     8 ||     8
       Tukima's Dance    |       |    10 ||    10
  Use: Scroll            |       |     4 ||     4
 Stab: Sleeping          |    21 |    24 ||    45
       Confused          |       |     4 ||     4
  Eat: Ration            |       |     3 ||     3
Armor: Robe              |     5 |    12 ||    17
Dodge: Dodged            |    93 |    88 ||   181
Block: Buckler           |    13 |    46 ||    59

Table legend:
 A = Spawn XP
 B = Non-spawn XP
 C = Spawn XP percentage of total XP
 D = Spawn monster count
 E = Non-spawn monster count
 F = Spawn count percentage of total count
 G = Total turns spent on level
                    A         B        C        D         E        F      G
               +---------+---------+-------+---------+---------+-------+---------
         Total |       0 |     724 |   0.0 |       0 |      89 |   0.0 |  4221
               +---------+---------+-------+---------+---------+-------+---------
           D:1 |       0 |      60 |   0.0 |       0 |      25 |   0.0 |  1475
           D:2 |       0 |      80 |   0.0 |       0 |      21 |   0.0 |   938
           D:3 |       0 |      74 |   0.0 |       0 |      16 |   0.0 |   683
           D:4 |       0 |     260 |   0.0 |       0 |      17 |   0.0 |   809
           D:5 |       0 |     250 |   0.0 |       0 |      10 |   0.0 |   316
               +---------+---------+-------+---------+---------+-------+---------
